AoeStats
← Zumoshi

Black Forest

506645709Analyzed
1v1 RM · 19d ago on Sep 14, 2026· 48m 41s· 2 players
Game mode
Random Map
Map size
Tiny (2 player)
Population
200
Speed
Normal
Resources
Standard
Victory
Conquest
Starting age
Dark Age
Ending age
Imperial Age
RankedLock teamsTeams togetherTeam positionsShared explorationLock speedFull tech treeHidden civsTurbo modeCheats
Victory
Defeat
🇮🇱 Magyars · Israel
1113
+19
🇷🇺 Ethiopians · Russia
1171
-19
toly
10:31 Feudal Age
10:59 Double-Bit Axe
10:55 Horse Collar
17:32 Castle Age
16:08 Man-at-Arms
16:33 Arson
19:13 Crossbowman
20:55 Fletching
24:08 Bodkin Arrow
24:13 Padded Archer Armor
26:03 Wheelbarrow
25:16 Town Watch
25:17 Loom
26:30 Heavy Plow
26:41 Bow Saw
28:23 Leather Archer Armor
28:15 Town Patrol
30:02 Ballistics
30:53 Gold Mining
30:54 Stone Mining
32:29 Hand Cart
34:53 Imperial Age
32:55 Thumb Ring
36:37 Two-Man Saw
35:38 Arbalester
36:19 Bracer
36:49 Ring Archer Armor
36:36 Guilds
37:30 Chemistry
38:19 Torsion Engines
39:34 Conscription
39:46 Scale Mail Armor
39:57 Forging
39:50 Squires
39:35 Arson
40:58 Chain Mail Armor
42:08 Siege Engineers
41:47 Heavy Scorpion
43:18 Plate Mail Armor
43:23 Iron Casting
44:09 Halberdier
46:16 Murder Holes
46:32 Masonry
47:24 Blast Furnace
Zumoshi
11:17 Feudal Age
16:10 Castle Age
14:36 Double-Bit Axe
14:54 Horse Collar
18:56 Bow Saw
21:49 Scale Barding Armor
24:01 Wheelbarrow
24:57 Heavy Plow
25:44 Loom
27:26 Husbandry
27:38 Bloodlines
28:23 Masonry
28:35 Ballistics
28:51 Fletching
29:02 Padded Archer Armor
29:23 Chain Barding Armor
30:02 Elite Skirmisher
30:42 Bodkin Arrow
30:52 Treadmill Crane
31:40 Leather Archer Armor
32:57 Gold Mining
33:00 Stone Mining
33:34 Hand Cart
33:04 Town Watch
34:04 Corvinian Army
34:45 Thumb Ring
38:07 Imperial Age
37:51 Murder Holes
37:22 Light Cavalry
38:14 Town Patrol
39:00 Recurve Bow
38:21 Elite Magyar Huszar
39:24 Conscription
38:26 Heavy Cavalry Archer
39:33 Parthian Tactics
40:14 Bracer
40:55 Ring Archer Armor
41:04 Plate Barding Armor
41:01 Ring Archer Armor
42:26 Two-Man Saw
41:57 Crop Rotation
43:19 Hoardings
43:48 Chemistry
42:54 Siege Engineers
Connection lost

Rejoining the realm…

Still unreachable

The connection could not be restored.

Session expired

The server has moved on; the page needs a fresh start.